Map: Dusk Towers

Players

Slowed

  • Race: Terran Terran
  • League: Master

Miszu - Winner!

  • Race: Terran Terran
  • League: Master

VOD

Have the link to the VOD?

Description

Time

  • Played on: April 2, 2016, 10:53 a.m.
  • Length: 4:21
Show
View Real Time Build Order
Export as new Build Order

Slowed Terran 

Build Orders:  

Get SALT Encoding   

  12  0:00  SCV  
  13  0:13  SCV  
  14  0:17  Supply Depot  
  14  0:25  SCV  
  15  0:39  Barracks, SCV  
  16  0:44  Refinery  
  16  0:51  SCV  
  17  1:05  Barracks, SCV  
  18  1:20  Barracks  
  19  1:28  Reaper  
  19  1:36  Orbital Command  
  19  1:53  Reaper  
  20  2:00  Refinery  
  20  2:04  Supply Depot, Reaper  
  20  2:07  SCV  
  22  2:19  SCV  
  23  2:25  Reaper  
  23  2:29  Supply Depot  
  24  2:34  Reaper  
  24  2:35  SCV  
  26  2:44  Reaper  
  27  2:48  SCV  
  27  2:49  Supply Depot  
  28  2:58  Reaper  
  29  3:07  Reaper  
  28  3:23  Reaper  
  28  3:30  Reaper  
  28  3:35  SCV  
  28  3:39  Reaper  
  30  3:45  Command Center  
  30  3:47  Supply Depot, SCV  
Show
View Real Time Build Order
Export as new Build Order

Miszu Terran - Winner!

Build Orders:  

Get SALT Encoding   

  12  0:00  SCV  
  13  0:13  SCV  
  14  0:18  Supply Depot  
  14  0:25  SCV  
  15  0:40  SCV  
  15  0:42  Barracks  
  16  0:44  Refinery  
  16  0:52  SCV  
  17  1:04  SCV  
  18  1:19  SCV  
  19  1:30  Barracks Reactor  
  19  1:32  Orbital Command  
  19  1:44  Command Center  
  19  1:51  Bunker  
  19  2:00  Supply Depot  
  19  2:06  Marine x2  
  20  2:19  Factory  
  20  2:21  SCV  
  21  2:27  Marine  
  21  2:28  Marine  
  23  2:33  SCV  
  23  2:35  Refinery  
  24  2:44  Marine  
  24  2:45  Marine, SCV  
  27  2:57  SCV  
  28  3:03  Starport  
  28  3:04  Factory Tech Lab  
  28  3:09  SCV  
  29  3:22  SCV  
  33  3:32  Siege Tank  
  35  3:38  SCV  
  35  3:42  Medivac  
  35  3:46  Orbital Command  
  35  3:50  SCV  
  35  3:52  Marine  
  35  3:53  Marine  
Tags
 
Add a new tag
Caveats
  • Supply blocks, unpowered buildings, or Contaminate may cause inaccurate times.
  • Supply counts are checked every 10 seconds.